 Dungeon Crawl Stone Soup version 0.31-a0-702-gf82c85558f (webtiles) character file.

Game seed: 12443094421195269688

16552 Newt the Markskobold (level 12, -14/68 HPs)
             Began as a Kobold Hunter on Sept 7, 2023.
             Was an Elder of Hepliaklqana.
             Demolished by a very large slime creature (58 damage)
             ... on level 13 of the Dungeon on Sept 8, 2023.
             The game lasted 00:16:23 (12300 turns).

Newt the Markskobold (Kobold Hunter)               Turns: 12300, Time: 00:16:23

Health: -14/68     AC: 15    Str: 15    XL:     12   Next: 71%
Magic:  18/18      EV: 20    Int: 11    God:    Hepliaklqana [****..]
Gold:   800        SH: 10    Dex: 28    Spells: 11/11 levels left

rFire   + . .        B - +1 sling
rCold   . . .        A - +3 buckler
rNeg    . . .        u - +4 ring mail of the Barber Surgeon {Dex+6}
rPois   .            j - +2 hat
rElec   .            J - +1 cloak
rCorr   .            (no gloves)
SInv    .            G - +0 pair of boots
Will    .....        d - amulet of regeneration
Stlth   +++          l - +6 ring of strength
HPRegen 1.11/turn    D - ring of protection from fire
MPRegen 0.16/turn

%: no passive effects
@: no status effects
A: reduced essence, small, no large weapons, nightstalker 3
a: Renounce Religion, Recall Ancestor, Ancestor Identity, Transference, Idealise


You were on level 13 of the Dungeon.
You worshipped Hepliaklqana.
Hepliaklqana was greatly pleased with you.
You visited 2 branches of the dungeon, and saw 14 of its levels.
You also visited: Ossuary.

You collected 844 gold pieces.
You spent 44 gold pieces at shops.

Inventory:

Hand Weapons
 a - a +0 shortbow
 x - a +1 demon whip of venom
 B - a +1 sling (weapon)
Missiles
 K - 5 throwing nets
Armour
 c - a +0 leather armour
 j - a +2 hat (worn)
 n - a +0 cloak
 u - the +4 ring mail of the Barber Surgeon (worn) {Dex+6}
   (You found it on level 3 of the Dungeon)

   Dex+6:     It affects your dexterity (+6).
 A - a +3 buckler (worn)
 E - the +4 ring mail "Birphiats" {rC+ rN+}
   (You found it on level 5 of the Dungeon)

   rC+:       It protects you from cold.
   rN+:       It protects you from negative energy.
 G - a +0 pair of boots (worn)
 J - a +1 cloak (worn)
 L - a +0 troll leather armour
Jewellery
 d - an amulet of regeneration (around neck)
 l - a +6 ring of strength (left hand)
 w - a +6 ring of intelligence
 D - a ring of protection from fire (right hand)
 F - a ring of ice
 R - a ring of flight
 U - an amulet of the acrobat
Talismans
 y - a flux talisman
Wands
 p - a wand of iceblast (4)
 t - a wand of paralysis (10)
 C - a wand of flame (88)
 I - a wand of acid (10)
 O - a wand of digging (6)
Scrolls
 b - a scroll of butterflies
 f - a scroll of poison
 g - 5 scrolls of immolation
 H - 2 scrolls of summoning
 M - a scroll of amnesia
 N - 2 scrolls of teleportation
 P - 2 scrolls of fog
 Q - a scroll of revelation
 S - 3 scrolls of identify
 T - a scroll of blinking
 V - a scroll of fear
Potions
 e - a potion of berserk rage
 h - 5 potions of brilliance
 i - 3 potions of lignification
 k - 12 potions of degeneration
 m - 2 potions of curing
 o - 3 potions of enlightenment
 q - 2 potions of cancellation
 r - 2 potions of might
 s - 2 potions of attraction
 v - 2 potions of resistance
 z - a potion of haste
 W - a potion of heal wounds


   Skills:
 + Level 9.1 Fighting
 - Level 16.0 Ranged Weapons
 - Level 5.0 Armour
 - Level 8.0 Dodging
 - Level 1.3 Stealth
 - Level 4.0 Shields
 - Level 9.0 Invocations
 - Level 6.0 Evocations


You had 11 spell levels left.
You didn't know any spells.
Your spell library contained the following spells:

 Spells                   Type           Power      Damage    Failure   Level
 Freeze                   Ice            0%         1d3       65%         1
 Slow                     Hex            0%         N/A       65%         1
 Sting                    Tmut/Pois      0%         1d3       65%         1
 Blink                    Tloc           0%         N/A       78%         2
 Lesser Beckoning         Tloc           0%         N/A       78%         2
 Momentum Strike          Conj/Tloc      0%         3d8       78%         2
 Poisonous Vapours        Pois/Air       0%         N/A       78%         2
 Confusing Touch          Hex            0%         N/A       95%         3
 Frozen Ramparts          Ice            0%         1d1       95%         3
 Hailstorm                Conj/Ice       0%         3d3       95%         3
 Inner Flame              Hex/Fire       0%         N/A       95%         3
 Sigil of Binding         Hex            0%         N/A       95%         3
 Vampiric Draining        Necr           0%         2d6       95%         3
 Flame Wave               Conj/Fire      0%         2d4       100%        4
 Olgreb's Toxic Radiance  Pois           0%         N/A       100%        4
 Sticky Flame             Conj/Fire      0%         2d3       100%        4
 Vhi's Electric Charge    Tloc/Air       0%         N/A       100%        4
 Arcjolt                  Conj/Air       0%         1d10      100%        5
 Maxwell's Capacitive Co  Air            0%         ∞         100%        8


Dungeon Overview and Level Annotations

Branches:
Dungeon (13/15)            Temple (1/1) D:6            Lair (0/5) D:10
    Orc (0/2) D:10        Ossuary (visited)
 Vaults: D:13-14

Altars:
Ashenzari
Cheibriados
Dithmenos
Elyvilon
Fedhas
Gozag
Hepliaklqana
Kikubaaqudgha
Makhleb
Nemelex Xobeh
Okawaru
Qazlal
Ru
Sif Muna
Trog
Uskayaw
Vehumet
Wu Jian
Xom
Yredelemnul
Zin
The Shining One

Shops:
D:6 ?


Innate Abilities, Weirdness & Mutations

Your life essence is reduced to manifest your ancestor. (-10% HP)
You are small and have problems with some larger weapons.
You are completely attuned to the shadows.


Message History

Unknown command.
You shoot a sling bullet. Publia avoids your attack.
The sling bullet hits the slime creature!
The slime creature is almost dead.
The slime creature hits Publia.
The large slime creature hits Publia!!!
Publia is destroyed!
Unknown command.
You shoot a sling bullet.
The sling bullet hits the slime creature.
You kill the slime creature!
You shoot a sling bullet.
The sling bullet hits the large slime creature.
The large slime creature is lightly wounded.
You block the large slime creature's attack.
Two slime creatures merge to form a very large slime creature.
You shoot a sling bullet.
The sling bullet barely misses the very large slime creature.
You shoot a sling bullet.
The sling bullet hits the very large slime creature!
The very large slime creature is lightly wounded.
The very large slime creature attacks as it pursues you!
The very large slime creature closely misses you.
You shoot a sling bullet.
The sling bullet barely misses the very large slime creature.
You shoot a sling bullet.
The sling bullet hits the very large slime creature.
The very large slime creature is lightly wounded.
The very large slime creature hits you!!!
Ouch! That really hurt!
The very large slime creature attacks as it pursues you!
The very large slime creature hits you.
The very large slime creature barely misses you.
The very large slime creature attacks as it pursues you!
You block the very large slime creature's attack.
The very large slime creature attacks as it pursues you!
The very large slime creature misses you.
The very large slime creature attacks as it pursues you!
The very large slime creature hits you!!!
Ouch! That really hurt!
You die...

#...........#
#......
.#...........#
#......
.#...........#
#......
.#...........#
#..####
.#'###########
#..# .[.....
#..# .......
#..# #......
#J.# #......
#@.# ######
#..# #....
#..... ......


You could see a very large slime creature.

Vanquished Creatures
  A hydra (D:13)
  A two-headed ogre (D:13)
  Pikel (D:5)
  A deep elf pyromancer (D:12)
  2 cyclopes
  An orange demon (D:8)
  A gargoyle (D:11)
  Psyche (D:8)
  2 trolls
  5 slime creatures (D:13)
  A wraith (D:11)
  5 yaks (D:9)
  Eustachio (D:5)
  Grum (D:8)
  9 vampire mosquitoes
  Menkaure (D:5)
  A water moccasin (D:9)
  Duvessa (D:6)
  A black bear (D:4)
  An ice beast (D:6)
  A sky beast (D:6)
  An orc warrior (D:10)
  2 ogres
  5 wolves
  2 centaurs
  2 lemures (D:5)
  A kobold brigand (D:11)
  Blork the orc (D:6)
  3 scorpions
  3 gnoll sergeants
  15 wights
  Dowan (D:6)
  2 killer bees (D:11)
  An electric eel (D:10)
  A centaur zombie (Ossuary)
  5 hounds
  A jelly (D:5)
  2 human zombies (Ossuary)
  Crazy Yiuf (D:2)
  7 orc priests
  3 gnoll boudas
  Natasha (D:2)
  4 iguanas
  6 orc wizards
  3 mummies (Ossuary)
  25 gnolls
  4 adders
  A shadow imp (D:6)
  An ufetubus (D:5)
  A worm (D:2)
  52 orcs
  4 endoplasms
  5 giant cockroaches
  10 hobgoblins
  15 jackals
  A quokka (D:3)
  8 ball pythons
  3 bats (D:2)
  A frilled lizard (D:1)
  8 goblins
  3 goblin zombies (Ossuary)
  8 kobolds
  A kobold zombie (Ossuary)
  4 rats
267 creatures vanquished.

Vanquished Creatures (collateral kills)
  Harold (D:11)
  A centaur warrior (D:13)
  Amaemon (D:8)
  An ugly thing (D:12)
  2 deep elf pyromancers (D:12)
  A komodo dragon (D:11)
  7 yaks (D:9)
  A slime creature (D:13)
  A wraith (D:12)
  A swamp worm (D:10)
  An acid dragon (D:9)
  2 orc warriors
  A bullfrog (D:9)
  3 wights
  A killer bee (D:11)
  2 howler monkeys
  A hound (D:10)
  2 orc priests (D:10)
  An iguana (D:7)
  2 orc wizards (D:10)
  A mummy (Ossuary)
  6 gnolls
  10 orcs (D:10)
  A kobold (D:11)
  An orc zombie (Ossuary)
52 creatures vanquished.

Vanquished Creatures (others)
  9 knights
  3 ancestors (D:8)
12 creatures vanquished.

Grand Total: 331 creatures vanquished

Notes
Turn   | Place    | Note
-------+----------+-------------------------------------------
     0 | D:1      | Newt the Kobold Hunter began the quest for the Orb.
     0 | D:1      | Reached XP level 1. HP: 12/12 MP: 1/1
   295 | D:1      | Reached XP level 2. HP: 18/18 MP: 2/2
   696 | D:1      | Reached XP level 3. HP: 23/23 MP: 3/3
  1156 | D:2      | Found a white marble altar of Elyvilon.
  1226 | D:2      | Noticed Natasha
  1234 | D:2      | Killed Natasha
  1235 | D:2      | Reached XP level 4. HP: 19/30 MP: 4/4
  1487 | D:2      | Found a runed translucent door.
  1490 | D:2      | Noticed Crazy Yiuf
  1499 | D:2      | Killed Crazy Yiuf
  1500 | D:2      | Reached skill level 5 in Fighting
  1500 | D:2      | Reached XP level 5. HP: 30/35 MP: 5/5
  1764 | D:3      | Reached skill level 6 in Ranged Weapons
  1824 | D:3      | Identified the +4 ring mail of the Barber Surgeon {Dex+6}
  2705 | D:3      | Found a faded altar of an unknown god.
  2835 | D:4      | Reached skill level 7 in Ranged Weapons
  2866 | D:4      | Found a sand-covered staircase.
  2872 | Ossuary  | Entered an ossuary
  2899 | Ossuary  | Reached XP level 6. HP: 40/40 MP: 6/6
  3032 | Ossuary  | Reached skill level 8 in Ranged Weapons
  3130 | D:4      | Reached XP level 7. HP: 37/44 MP: 7/7
  3382 | D:4      | Reached skill level 9 in Ranged Weapons
  3862 | D:5      | Entered Level 5 of the Dungeon
  3928 | D:5      | Noticed Eustachio
  3942 | D:5      | Killed Eustachio
  3943 | D:5      | Reached skill level 10 in Ranged Weapons
  3943 | D:5      | Reached skill level 1 in Shields
  3958 | D:5      | Identified the +4 rapier "Fuaklupp" {pain, rPois}
  3987 | D:5      | Noticed Menkaure
  4008 | D:5      | Noticed Pikel
  4019 | D:5      | Killed Menkaure
  4020 | D:5      | Reached XP level 8. HP: 40/49 MP: 8/8
  4029 | D:5      | Killed Pikel
  4260 | D:5      | Identified the +4 ring mail "Birphiats" {rC+ rN+}
  4772 | D:5      | Found a white marble altar of Elyvilon.
  5089 | D:6      | Noticed Dowan
  5091 | D:6      | Noticed Duvessa
  5095 | D:6      | Killed Dowan
  5096 | D:6      | Reached skill level 5 in Dodging
  5103 | D:6      | Found a staircase to the Ecumenical Temple.
  5131 | D:6      | Killed Duvessa
  5132 | D:6      | Reached XP level 9. HP: 54/54 MP: 9/9
  5135 | Temple   | Entered the Ecumenical Temple
  5152 | Temple   | Became a worshipper of Hepliaklqana the Forgotten
  5648 | D:6      | Noticed Blork the orc
  5670 | D:6      | Killed Blork the orc
  5842 | D:6      | Found a hide-covered altar of Uskayaw.
  5846 | D:6      | Found an opulent altar of Gozag.
  5850 | D:6      | Found a sparkling altar of Nemelex Xobeh.
  5953 | D:6      | Found Qihan's Magic Scroll Emporium.
  5958 | D:6      | Bought a scroll of identify for 22 gold pieces
  5958 | D:6      | Bought a scroll of identify for 22 gold pieces
  6643 | D:7      | Found a snail-covered altar of Cheibriados.
  6859 | D:7      | Reached * piety under Hepliaklqana
  7181 | D:8      | Noticed Amaemon
  7219 | D:8      | Killed Amaemon
  7220 | D:8      | Reached skill level 11 in Ranged Weapons
  7220 | D:8      | Reached XP level 10. HP: 37/57 MP: 10/10
  7352 | D:8      | Noticed Psyche
  7363 | D:8      | Killed Psyche
  7364 | D:8      | Reached skill level 12 in Ranged Weapons
  7374 | D:8      | Found a basalt altar of Yredelemnul.
  7424 | D:8      | Reached skill level 13 in Ranged Weapons
  7436 | D:8      | Noticed Grum
  7468 | D:8      | Killed Grum
  7816 | D:8      | Noticed an orange demon
  7826 | D:8      | Killed an orange demon
  7827 | D:8      | Reached skill level 14 in Ranged Weapons
  8063 | D:9      | Reached ** piety under Hepliaklqana
  8064 | D:9      | Remembered your ancestor Publia as a knight
  8163 | D:9      | Found a sacrificial altar of Ru.
  8233 | D:9      | Reached skill level 15 in Ranged Weapons
  8402 | D:9      | Reached XP level 11. HP: 61/61 MP: 11/11
  8427 | D:9      | Reached skill level 16 in Ranged Weapons
  8430 | D:9      | Reached skill level 1 in Armour
  8787 | D:9      | Found a burning altar of Makhleb.
  8969 | D:10     | Entered Level 10 of the Dungeon
  9276 | D:10     | Found a staircase to the Lair.
  9295 | D:10     | Found a shimmering blue altar of Sif Muna.
  9368 | D:10     | Found a transporter.
  9491 | D:10     | Reached skill level 5 in Armour
  9506 | D:10     | Reached skill level 1 in Evocations
  9875 | D:10     | Found a transporter.
 10021 | D:10     | Reached *** piety under Hepliaklqana
 10102 | D:10     | Found a staircase to the Orcish Mines.
 10402 | D:11     | Noticed Harold
 10409 | D:11     | Killed Harold
 10410 | D:11     | Reached skill level 5 in Evocations
 10512 | D:11     | Noticed a cyclops
 10523 | D:11     | Killed a cyclops
 10929 | D:11     | Reached XP level 12. HP: 65/65 MP: 14/14
 11427 | D:12     | Reached skill level 5 in Invocations
 11504 | D:12     | Reached **** piety under Hepliaklqana
 11718 | D:12     | Upgraded the game from 0.31-a0-700-gf13585253f to
                  | 0.31-a0-702-gf82c85558f
 11772 | D:12     | You fall into a shaft and drop 1 floor!
 11885 | D:13     | Noticed a centaur warrior
 11891 | D:13     | Noticed a five-headed hydra
 11915 | D:13     | Killed a centaur warrior
 11920 | D:13     | Killed a five-headed hydra
 11980 | D:13     | Noticed a centaur warrior
 12216 | D:13     | Noticed a two-headed ogre
 12222 | D:13     | Killed a two-headed ogre
 12300 | D:13     | Demolished by a very large slime creature

Illustrated notes

Levels and vault maps discovered:
D:1:      lightli_arrival_noodles, layout_basic
D:2:      layout_basic, basic_altar, uniq_crazy_yiuf_cottage, uniq_natasha
D:3:      layout_loops_ring, shapermc_ecumenical_altar_pompeii,
          hangedman_decor_lopped
D:4:      layout_gridville, enter_ossuary_1
D:5:      layout_basic, elyvilon_altar_5, minmay_misc_feat_rugged,
          kennysheep_generic_room_6, uniq_pikel, uniq_eustachio, uniq_menkaure
D:6:      layout_basic, grunt_temple_overflow_diamond, temple_green,
          serial_shops, nicolae_shop_just_a_little_nook, uniq_duvessa,
          uniq_blork_the_orc
D:7:      layout_basic, chei_slow_surprise
D:8:      layout_rooms, nicolae_overflow_hidden_temple, chequers_arboretum,
          uniq_grum, uniq_psyche, uniq_amaemon
D:9:      layout_irregular_city, nicolae_ru_awakened_eye,
          makhleb_altar_promises_db, kennysheep_decorative_pillar
D:10:     gammafunk_worm_tunnel, layout_irregular_city,
          overflow_temple_1_default, erik_lair_island, hiddenorc2_lemuel,
          kennysheep_small_spiral
D:11:     layout_stronghold, uniq_harold
D:12:     layout_roguey [special_room_bee]
D:13:     layout_irregular_city, wad_hexagon
Temple:   nicolae_temple_ecumenical_triangle

Skill      XL: |  1  2  3  4  5  6  7  8  9 10 11 12 |
---------------+-------------------------------------+-----
Fighting       | 3 4 5 8 9 |  9.1
Ranged Weapons | 7 8 10 11 15 16 | 16.0
Shields        | 2 4 |  4.0
Dodging        | 6 8 |  8.0
Armour         | 5 |  5.0
Evocations     | 6 |  6.0
Invocations    | 3 9 |  9.0
Stealth        | |  1.3

Action                     |  1- 3 |  4- 6 |  7- 9 | 10-12 || total
---------------------------+-------+-------+-------+-------++-------
  Melee: Sling             |       |       |       |     2 ||     2
   Fire: Shortbow          |    89 |   174 |    32 |       ||   295
         Sling             |       |       |   381 |   686 ||  1067
 Invoke: Ancestor Life: Kn |       |       |       |     1 ||     1
         Recall Ancestor   |       |       |       |     2 ||     2
  Evoke: Wand              |       |       |     6 |     5 ||    11
    Use: Scroll            |     3 |    10 |     6 |     8 ||    27
         Potion            |       |       |     6 |     2 ||     8
 Armour: Leather armour    |    22 |    17 |       |       ||    39
         Ring mail         |       |    29 |   100 |   136 ||   265
  Dodge: Dodged            |    37 |    64 |   175 |   236 ||   512
  Block: Buckler           |       |       |   129 |   137 ||   266

Table legend: (Time is in decaauts)
 A = Elapsed time spent in this place.
 B = Non-inter-level travel time spent in this place.
 C = Inter-level travel time spent in this place.
 D = Time resting spent in this place.
 E = Time spent auto-exploring this place.
 F = Levels seen in this place.
 G = Mean time per level.
                   A        B        C        D        E       F      G
               +--------+--------+--------+--------+--------+-----+--------+
         Total |  12270 |  11796 |    474 |   1241 |   8346 |  15 |  818.0 |
       Dungeon |  11982 |  11541 |    441 |   1241 |   8238 |  13 |  921.7 |
        Temple |     34 |      1 |     33 |      0 |      0 |   1 |   34.0 |
       Ossuary |    252 |    252 |      0 |      0 |    108 |   1 |  252.0 |
               +--------+--------+--------+--------+--------+-----+--------+

Top non-repeatable levels by time:
    D:10: 1365 daAuts
     D:6: 1194 daAuts
     D:5: 1143 daAuts
     D:3: 1098 daAuts
    D:11: 1047 daAuts
     D:9: 972 daAuts
     D:7: 910 daAuts
     D:2: 899 daAuts
     D:1: 849 daAuts
     D:8: 835 daAuts
     D:4: 798 daAuts
    D:13: 516 daAuts
    D:12: 350 daAuts
 Ossuary: 252 daAuts
  Temple: 34 daAuts
